 Dungeon Crawl Stone Soup version 0.31-a0-971-g75a2e9a4b4 (webtiles) character file.

Game seed: 5495957385249287468

588 timneilson the Ruffian (level 7, -7/52 HPs)
             Began as a Gnoll Shapeshifter on Oct 28, 2023.
             Mangled by Prince Ribbit (8 damage)
             ... on level 5 of the Dungeon.
             The game lasted 00:18:21 (3776 turns).

timneilson the Ruffian (Gnoll Shapeshifter)         Turns: 3776, Time: 00:18:22

Health: -7/52      AC:  9    Str: 15    XL:     7   Next: 38%
Magic:  10/10      EV: 13    Int: 10    God:
Gold:   136        SH:  0    Dex: 13    Spells: 11/11 levels left

rFire   + .          .
                       - Unarmed
rCold   + . .        (no shield)
rNeg    . . .        j - +1 chain mail
rPois   +            (helmet currently unavailable)
rElec   +            (cloak currently unavailable)
rCorr   +            (gloves currently unavailable)
SInv    .            (boots currently unavailable)
Will    .....        (no amulet) Stlth
                     h - +5 ring of evasion
HPRegen 0.28/turn    (no ring)
MPRegen 0.12/turn

%: no passive effects
@: beast-form, resistant, hasted, invisible, very quick
A: beast (slay +3), fangs 1, strong nose, distributed training, thin skeletal
structure 1, mutation resistance 1, subdued magic 1
a: Begin Untransformation


You were on level 5 of the Dungeon.
You were a hulking beast.
You visited 1 branch of the dungeon, and saw 5 of its levels.
You also visited: Sewer.

You collected 136 gold pieces.

Inventory:

Armour
 e - a +0 helmet
 j - a +1 chain mail (worn)
 k - a +0 plate armour
 l - a +0 pair of gloves
Jewellery
 h - a +5 ring of evasion (left hand)
Talismans
 c - a beast talisman
 d - a flux talisman
Wands
 i - a wand of light (14)
 p - a wand of digging (8)
Scrolls
 g - 2 scrolls of teleportation
 m - a scroll of poison
 u - a scroll of vulnerability
Potions
 a - 2 potions of heal wounds {unknown}
 b - a potion of lignification
 f - 3 potions of invisibility
 n - 2 potions of mutation
 o - a potion of brilliance {unknown}
 q - a potion of haste
 r - 2 potions of resistance
 s - a potion of magic {unknown}
 t - a potion of might {unknown}


   Skills:
 + Level 3.6 Fighting
 + Level 2.5 Short Blades
 + Level 2.5 Long Blades
 + Level 2.5 Axes
 + Level 2.5 Maces & Flails
 + Level 2.5 Polearms
 + Level 2.5 Staves
 + Level 2.5 Ranged Weapons
 + Level 2.5 Throwing
 + Level 2.5 Armour
 + Level 5.2 Dodging
 + Level 2.5 Stealth
 + Level 2.5 Shields
 + Level 7.0 Unarmed Combat
 + Level 2.5 Spellcasting
 + Level 2.0 Conjurations
 + Level 2.0 Hexes
 + Level 2.0 Summonings
 + Level 2.0 Necromancy
 + Level 2.0 Translocations
 + Level 2.0 Transmutations
 + Level 2.0 Fire Magic
 + Level 2.0 Ice Magic
 + Level 2.0 Air Magic
 + Level 2.0 Earth Magic
 + Level 2.0 Poison Magic
 + Level 2.8 Invocations
 + Level 2.5 Evocations
 + Level 6.9 Shapeshifting


You had 11 spell levels left.
You didn't know any spells.
Your spell library contained the following spells:

 Spells                   Type           Power      Damage    Failure   Level
 Freeze                   Ice            16%        1d4       86%         1
 Poisonous Vapours        Pois/Air       8%         N/A       94%         2
 Frozen Ramparts          Ice            8%         1d2       99%         3
 Hailstorm                Conj/Ice       4%         3d4       99%         3
 Inner Flame              Hex/Fire       4%         N/A       99%         3
 Mephitic Cloud           Conj/Pois/Air  4%         N/A       99%         3
 Freezing Cloud           Conj/Ice/Air   2%         6-21      100%        5
 Yara's Violent Unravell  Hex/Tmut       2%         3d3       100%        5
 Enfeeble                 Hex            2%         N/A       100%        7


Dungeon Overview and Level Annotations

Branches:
Dungeon (5/15)              Sewer (visited)
 Temple: D:4-7

Altars:
Ashenzari
Dithmenos
Zin

Shops:
D:3 *   D:4 ?

Annotations:
D:2 1 runed translucent door, Crazy Yiuf
D:5 Edmund, Prince Ribbit


Innate Abilities, Weirdness & Mutations

You are a hulking beast.
Your limbs bulge with bestial killing power. (Slay +3)
You have very sharp teeth.
Your uncanny sense of smell can sniff out nearby items.
Your experience applies equally to all skills.
You have a somewhat thin skeletal structure. (Dex +2, Stealth+)
You are somewhat resistant to further mutation.
Your spells are a little easier to cast, but a little less powerful.


Message History

Prince Ribbit closely misses you. Edmund completely misses you.
You hit Edmund.
Edmund is severely wounded.
Prince Ribbit closely misses you.
You closely miss Edmund.
Edmund is severely wounded.
Edmund closely misses you. Prince Ribbit barely misses you.
You closely miss Edmund.
Edmund is severely wounded.
Edmund hits you with a +5 flail of protection.
Prince Ribbit hits you but does no damage.
You hit Edmund but do no damage.
Edmund is severely wounded.
Edmund hits you with a +5 flail of protection.
Prince Ribbit hits you.
You catch the helpless Edmund completely off-guard!
You hit Edmund. You punch Edmund, but do no damage.
You bite Edmund, but do no damage.
Edmund is severely wounded.
Edmund hits you with a +5 flail of protection.
* * * LOW HITPOINT WARNING * * *
It was a potion of mutation.
You feel extremely strange.
Your connection to magic feels subdued.
Your bones become slightly less dense.
You feel genetically stable. Prince Ribbit closely misses you.
Edmund barely misses you. Prince Ribbit closely misses you.
It was a potion of resistance.
You feel protected. Prince Ribbit hits you.
* * * LOW HITPOINT WARNING * * *
Edmund hits you with a +5 flail of protection.
* * * LOW HITPOINT WARNING * * *
It was a potion of haste.
You feel yourself speed up. Prince Ribbit barely misses you.
Prince Ribbit hits you!
* * * LOW HITPOINT WARNING * * *
You punch Prince Ribbit! You punch Prince Ribbit.
Your bite misses Prince Ribbit.
Prince Ribbit is severely wounded.
Prince Ribbit hits you!
You die...

...###. .###. .......
....#.###.#. .......$
...#...#...# ........
####...#...#####.........
...#)..#...#...#.........
....#.###.#.....# .......
...###...###...###...#
###.#.....#.###.#F@#
.#...#...#...#..h#..#
.#...#####...#...##....
#...# #...#...# ####..
##.#. .#.###.#. .###.
[###. .##.. .. # ... #.#
.. .# ### .#


You could see Edmund (unable to see you) and Prince Ribbit (unable to see you).

Vanquished Creatures
  A centaur (D:5)
  A scorpion (D:4)
  2 hounds (D:4)
  3 jellies (Sewer)
  Ijyb (D:2)
  Robin (D:2)
  A gnoll (D:1)
  10 adders
  5 river rats
  7 worms
  A dart slug (D:2)
  An orc (D:4)
  6 ball pythons
  5 bats
  12 endoplasms
  7 giant cockroaches
  9 goblins
  10 hobgoblins
  6 jackals
  3 kobolds
  4 quokkas
  3 frilled lizards (Sewer)
  8 rats
107 creatures vanquished.

Notes
Turn   | Place    | Note
-------+----------+-------------------------------------------
     0 | D:1      | timneilson the Gnoll Shapeshifter began the quest for the
                  | Orb.
     0 | D:1      | Reached XP level 1. HP: 17/17 MP: 1/1
    50 | D:1      | Reached XP level 2. HP: 10/23 MP: 2/2
   271 | D:1      | Reached XP level 3. HP: 24/28 MP: 3/3
   428 | D:1      | Found a faded altar of an unknown god.
   430 | D:1      | Reached skill level 1 in Invocations
  1041 | D:2      | Reached skill level 1 in Short Blades
  1041 | D:2      | Reached skill level 1 in Long Blades
  1041 | D:2      | Reached skill level 1 in Axes
  1041 | D:2      | Reached skill level 1 in Maces & Flails
  1041 | D:2      | Reached skill level 1 in Polearms
  1041 | D:2      | Reached skill level 1 in Staves
  1041 | D:2      | Reached skill level 1 in Ranged Weapons
  1041 | D:2      | Reached skill level 1 in Throwing
  1041 | D:2      | Reached skill level 1 in Armour
  1041 | D:2      | Reached skill level 1 in Stealth
  1041 | D:2      | Reached skill level 1 in Shields
  1041 | D:2      | Reached skill level 1 in Spellcasting
  1041 | D:2      | Reached skill level 1 in Evocations
  1164 | D:2      | Identified the +7 hand axe of the Poles {heavy, rC+}
  1295 | D:2      | Reached XP level 4. HP: 34/34 MP: 5/5
  1307 | D:2      | Found a runed translucent door.
  1308 | D:2      | Noticed Crazy Yiuf
  1659 | D:3      | Noticed Robin
  1659 | D:3      | Noticed Ijyb
  1725 | D:2      | Killed Robin
  1747 | D:2      | Killed Ijyb
  1748 | D:2      | Reached skill level 1 in Conjurations
  1748 | D:2      | Reached skill level 1 in Hexes
  1748 | D:2      | Reached skill level 1 in Summonings
  1748 | D:2      | Reached skill level 1 in Necromancy
  1748 | D:2      | Reached skill level 1 in Translocations
  1748 | D:2      | Reached skill level 1 in Transmutations
  1748 | D:2      | Reached skill level 1 in Fire Magic
  1748 | D:2      | Reached skill level 1 in Ice Magic
  1748 | D:2      | Reached skill level 1 in Air Magic
  1748 | D:2      | Reached skill level 1 in Earth Magic
  1748 | D:2      | Reached skill level 1 in Poison Magic
  1944 | D:3      | Found Zin's Purification Station.
  1949 | D:3      | Found a glowing silver altar of Zin.
  2455 | D:4      | Reached XP level 5. HP: 40/40 MP: 5/7
  2534 | D:4      | Found a shadowy altar of Dithmenos.
  2655 | D:4      | Found a glowing drain.
  2667 | Sewer    | Entered a sewer
  2748 | Sewer    | Reached XP level 6. HP: 44/47 MP: 8/8
  2851 | Sewer    | Reached skill level 5 in Dodging
  2884 | Sewer    | Found a viscous altar of Jiyva.
  3093 | D:4      | Found The Oracle's Delphic Readings.
  3227 | D:4      | Reached skill level 7 in Unarmed Combat
  3227 | D:4      | Reached XP level 7. HP: 38/52 MP: 10/10
  3381 | D:4      | Found a broken altar of Ashenzari.
  3659 | D:5      | Entered Level 5 of the Dungeon
  3744 | D:5      | Noticed Edmund
  3744 | D:5      | Noticed Prince Ribbit
  3772 | D:5      | Gained mutation: Your spells are a little easier to cast,
                  | but a little less powerful. [potion of mutation]
  3772 | D:5      | Gained mutation: You have a somewhat thin skeletal
                  | structure. (Dex +2, Stealth+) [potion of mutation]
  3772 | D:5      | Gained mutation: You are somewhat resistant to further
                  | mutation. [potion of mutation]
  3775 | D:5      | HP: 1/52 [Prince Ribbit (7)]
  3776 | D:5      | Mangled by Prince Ribbit

Illustrated notes

Levels and vault maps discovered:
D:1:      dpeg_arrival_solitude, layout_loops_ring,
          ebering_ecumenical_altar_rust, nicolae_grassy_gnolls
D:2:      layout_basic, serial_park_tiny_pond, uniq_crazy_yiuf_cottage
D:3:      layout_basic, zin_purify, nicolae_goblin_pals
D:4:      layout_basic, nicolae_overflow_crystal_walls, evilmike_ruin_ashenzari,
          lightli_sewer_entry_pipes, nicolae_nh_oracle_at_delphi
D:5:      nicolae_cairo_tiling, layout_rooms, nicolae_elyvilon_temple_path,
          minmay_temple_entry_hall, minmay_a_box_with_orc_wizards_in_it,
          uniq_edmund, uniq_prince_ribbit1, uniq_blork_the_orc, uniq_eustachio

Skill      XL: |  1  2  3  4  5  6  7 |
---------------+----------------------+-----
Invocations    | 1 2 |  2.8
Short Blades   | 1 2 |  2.5
Long Blades    | 1 2 |  2.5
Axes           | 1 2 |  2.5
Maces & Flails | 1 2 |  2.5
Polearms       | 1 2 |  2.5
Staves         | 1 2 |  2.5
Ranged Weapons | 1 2 |  2.5
Throwing       | 1 2 |  2.5
Armour         | 1 2 |  2.5
Stealth        | 1 2 |  2.5
Shields        | 1 2 |  2.5
Spellcasting   | 1 2 |  2.5
Evocations     | 1 2 |  2.5
Conjurations   | 1 2 |  2.0
Hexes          | 1 2 |  2.0
Summonings     | 1 2 |  2.0
Necromancy     | 1 2 |  2.0
Translocations | 1 2 |  2.0
Transmutations | 1 2 |  2.0
Fire Magic     | 1 2 |  2.0
Ice Magic      | 1 2 |  2.0
Air Magic      | 1 2 |  2.0
Earth Magic    | 1 2 |  2.0
Poison Magic   | 1 2 |  2.0
Fighting       | 3 |  3.6
Dodging        | 5 |  5.2
Unarmed Combat | 7 |  7.0
Shapeshifting  | |  6.9

Action                     |  1- 3 |  4- 6 |  7- 9 || total
---------------------------+-------+-------+-------++-------
  Melee: Unarmed           |    69 |   180 |    45 ||   294
         Bite              |     7 |    18 |     8 ||    33
         Punch             |     2 |     6 |     4 ||    12
    Use: Scroll            |     3 |    10 |     1 ||    14
         Potion            |       |     1 |     4 ||     5
   Stab: Sleeping          |     1 |       |       ||     1
         Invisible         |       |       |     3 ||     3
 Armour: Animal skin       |    31 |     8 |       ||    39
         Chain mail        |       |    64 |    27 ||    91
  Dodge: Dodged            |    47 |    88 |    35 ||   170

Table legend: (Time is in decaauts)
 A = Elapsed time spent in this place.
 B = Non-inter-level travel time spent in this place.
 C = Inter-level travel time spent in this place.
 D = Time resting spent in this place.
 E = Time spent auto-exploring this place.
 F = Levels seen in this place.
 G = Mean time per level.
                   A        B        C        D        E       F      G
               +--------+--------+--------+--------+--------+-----+--------+
         Total |   3792 |   3708 |     84 |    251 |   2240 |   6 |  632.0 |
       Dungeon |   3515 |   3431 |     84 |    251 |   2160 |   5 |  703.0 |
         Sewer |    276 |    276 |      0 |      0 |     80 |   1 |  276.0 |
               +--------+--------+--------+--------+--------+-----+--------+

Top non-repeatable levels by time:
     D:2: 1085 daAuts
     D:4: 986 daAuts
     D:1: 667 daAuts
     D:3: 662 daAuts
   Sewer: 276 daAuts
     D:5: 113 daAuts
